 Seeded DCSS version 0.25-a0-940-gc6eaff5 (webtiles) character file.

Game seed: 7545656194628248485, levelgen mode: deterministic

1510659 wearedevo the Fencer (level 27, 223/223 HPs)
             Began as a Gnoll Summoner on May 4, 2020.
             Was a High Priest of Okawaru.
             Escaped with the Orb
             ... and 3 runes on May 5, 2020!
             The game lasted 05:20:49 (89094 turns).

wearedevo the Fencer (Gnoll Summoner)              Turns: 89094, Time: 05:20:49

Health: 223/223    AC: 37    Str: 19    XL:     27
Magic:  40/40      EV: 20    Int: 32    God:    Okawaru [*****.]
Gold:   3213       SH: 29    Dex: 16    Spells: 8/62 levels left

rFire    + + +     SeeInvis .   N - +8 demon trident "Rift" {distort, reach+}
rCold    . . .     Gourm    .   m - +8 tower shield {reflect}
rNeg     + + +     Faith    +   f - +8 fire dragon scales
rPois    +         Spirit   .   n - +1 hat of Risiz {rPois rN++ MR- Regen+}
rElec    .         Reflect  +   K - +1 cloak of Protective Custody {rC+ Int+5}
rCorr    .         Harm     .   w - +2 pair of gloves {Str+3}
MR       ++...     Rnd*Rage +   E - +2 pair of boots {run}
Stlth    ++........             X - amulet "Ipumim" {Faith *Contam +Blink Int+4}
HPRegen  0.87/turn              a - ring of Qenuogh {+Fly rF+ rN+}
MPRegen  0.27/turn              s - ring of the Seer {+Inv MR+ Str-2 Stlth+}

@: studying Long Blades, quick
A: distributed training, fangs 1, rugged brown scales 1, slimy green scales 1,
berserk 1, low mp 1, shaggy fur 1, strong nose
0: Orb of Zot
}: 3/15 runes: decaying, silver, gossamer
a: Heroism, Finesse, Renounce Religion, Evoke Blink, Evoke Invisibility, Evoke
Flight


You escaped.
You worshipped Okawaru.
Okawaru was extremely pleased with you.
You were full.

You visited 9 branches of the dungeon, and saw 49 of its levels.
You visited 1 bazaar.
You also visited: Volcano and Wizlab.

You collected 7130 gold pieces.
You spent 3917 gold pieces at shops.

Inventory:

Hand Weapons
 B - a +6 broad axe of freezing
 N - the +8 demon trident "Rift" (weapon) {distort, reach+}
   (You bought it in a shop on level 4 of the Depths)

   It warps and distorts space around it.
   Unwielding it can cause banishment or high damage.
Armour
 f - +8 fire dragon scales (worn)
 m - a +8 tower shield of reflection (worn)
 n - the +1 hat of Risiz (worn) {rPois rN++ MR- Regen+}
   (Okawaru gifted it to you on level 1 of the Realm of Zot)

   It protects you from poison.
   It greatly protects you from negative energy.
   It affects your resistance to hostile enchantments.
   It increases your rate of regeneration.
 w - a +2 pair of gloves of strength (worn)
 E - a +2 pair of boots of running (worn)
 K - the +1 cloak of Protective Custody (worn) {rC+ Int+5}
   (You found it on level 7 of the Dungeon)

   It affects your intelligence (+5).
   It protects you from cold.
 T - a +2 hat of see invisible
Jewellery
 a - the ring of Qenuogh (left hand) {+Fly rF+ rN+}
   (You found it on level 4 of the Vaults)

   [ring of flight]

   It protects you from fire.
   It protects you from negative energy.
   It lets you fly.
 g - an uncursed ring of resist corrosion
 s - the ring of the Seer (right hand) {+Inv MR+ Str-2 Stlth+}
   (You took it off a deep elf elementalist on level 3 of the Elven Halls)

   [ring of stealth]

   It affects your strength (-2).
   It affects your resistance to hostile enchantments.
   It lets you turn invisible.
   It makes you more stealthy.
 F - an uncursed ring of wizardry
 R - an uncursed ring of protection from cold
 W - an uncursed ring of protection from cold
 X - the amulet "Ipumim" (around neck) {Faith *Contam +Blink Int+4}
   (You bought it in a shop on level 2 of the Orcish Mines)

   [amulet of faith]

   It allows you to gain divine favour quickly.
   It affects your intelligence (+4).
   It lets you blink.
   It causes magical contamination when unequipped.
 Y - an uncursed ring of fire
Wands
 h - a wand of disintegration (19)
 k - a wand of acid (7)
 D - a wand of digging (21)
 H - a wand of iceblast (55)
 L - a wand of flame (52)
 Q - a wand of clouds (5)
 S - a wand of scattershot (7)
Scrolls
 j - 17 scrolls of remove curse
 q - 22 scrolls of teleportation
 r - 19 scrolls of identify
 u - 2 scrolls of enchant armour
 x - 3 scrolls of amnesia
 y - 2 scrolls of enchant weapon
 C - a scroll of holy word
 O - 7 scrolls of fear
 P - a scroll of fog
 Z - 6 scrolls of blinking
Potions
 b - 2 potions of stabbing
 d - 7 potions of berserk rage
 e - 6 potions of curing
 i - a potion of haste
 l - a potion of cancellation
 o - 13 potions of flight
 p - 10 potions of brilliance
 t - 4 potions of ambrosia
 v - 3 potions of resistance
 z - 3 potions of might
 A - 2 potions of magic
Books
 M - a manual of Long Blades
Miscellaneous
 J - a phial of floods
Comestibles
 c - 39 rations


   Skills:
 + Level 17.8 Fighting
 + Level 17.8 Short Blades
 + Level 20.7 Long Blades
 + Level 17.8 Axes
 + Level 17.8 Maces & Flails
 + Level 17.8 Polearms
 + Level 17.8 Staves
 + Level 17.8 Slings
 + Level 17.8 Bows
 + Level 17.8 Crossbows
 + Level 17.8 Throwing
 + Level 17.8 Armour
 + Level 18.2 Dodging
 + Level 18.1 Stealth
 + Level 17.8 Shields
 + Level 17.8 Unarmed Combat
 + Level 18.3 Spellcasting
 + Level 15.3 Conjurations
 + Level 15.3 Hexes
 + Level 15.3 Charms
 + Level 16.5 Summonings
 + Level 15.3 Necromancy
 + Level 15.3 Translocations
 + Level 15.3 Transmutations
 + Level 15.3 Fire Magic
 + Level 15.3 Ice Magic
 + Level 15.3 Air Magic
 + Level 15.3 Earth Magic
 + Level 15.3 Poison Magic
 + Level 19.1 Invocations
 + Level 17.8 Evocations


You had 8 spell levels left.
You knew the following spells:

 Your Spells              Type           Power        Failure   Level  Hunger
a - Blink                 Tloc           N/A          1%          2    None
b - Death Channel         Necr           #######...   2%          6    None
c - Metabolic Englaciati  Hex/Ice        #######...   1%          5    None
d - Summon Mana Viper     Hex/Summ       #######.     1%          5    None
e - Summon Lightning Spi  Summ/Air       #######.     1%          4    None
f - Olgreb's Toxic Radia  Pois           #######.     1%          4    None
g - Silence               Hex/Air        #######...   1%          5    None
h - Summon Forest         Summ/Tloc      #######...   1%          5    None
i - Invisibility          Hex            #######.     2%          6    None
j - Shadow Creatures      Summ           N/A          1%          6    None
k - Statue Form           Tmut/Erth      #######..    2%          6    None

Your spell library contained the following spells:

 Spells                   Type           Power        Failure   Level  Hunger
 Animate Skeleton         Necr           N/A          0%          1    None
 Apportation              Tloc           ######       0%          1    None
 Beastly Appendage        Tmut           ######       0%          1    None
 Corona                   Hex            #######      0%          1    None
 Foxfire                  Conj/Fire      ####         0%          1    None
 Magic Dart               Conj           ####         0%          1    None
 Pain                     Necr           ####         0%          1    None
 Sandblast                Erth           ######       0%          1    None
 Sting                    Tmut/Pois      ####         0%          1    None
 Summon Butterflies       Summ           #######.     0%          1    None
 Summon Small Mammal      Summ           ####         0%          1    None
 Call Imp                 Summ           #######.     0%          2    None
 Corpse Rot               Necr/Air       N/A          1%          2    None
 Ensorcelled Hibernation  Hex/Ice        ######       1%          2    None
 Passwall                 Tmut/Erth      #######.     1%          2    None
 Poisonous Vapours        Pois/Air       ######       1%          2    None
 Searing Ray              Conj           ######       1%          2    None
 Shroud of Golubria       Chrm/Tloc      ######       1%          2    None
 Slow                     Hex            #######.     1%          2    None
 Sticks to Snakes         Tmut           #######.     1%          2    None
 Sublimation of Blood     Necr           #######...   1%          2    None
 Call Canine Familiar     Summ           #######.     1%          3    None
 Confusing Touch          Hex            #######.     1%          3    None
 Conjure Flame            Conj/Fire      #######.     1%          3    None
 Dazzling Flash           Conj/Hex       ######       1%          3    None
 Gell's Gravitas          Tloc           #######...   1%          3    None
 Ignite Poison            Fire/Tmut/Pois #######.     1%          3    None
 Inner Flame              Hex/Fire       #######.     1%          3    None
 Lesser Beckoning         Tloc           #######...   1%          3    None
 Mephitic Cloud           Conj/Pois/Air  #######.     1%          3    None
 Portal Projectile        Hex/Tloc       ######       1%          3    None
 Recall                   Summ/Tloc      N/A          1%          3    None
 Spider Form              Tmut/Pois      #######...   1%          3    None
 Static Discharge         Conj/Air       #######.     1%          3    None
 Stone Arrow              Conj/Erth      ######       1%          3    None
 Summon Guardian Golem    Hex/Summ       #######.     1%          3    None
 Teleport Other           Tloc           #######.     1%          3    None
 Tukima's Dance           Hex            #######.     1%          3    None
 Vampiric Draining        Necr           #######...   1%          3    None
 Animate Dead             Necr           N/A          1%          4    None
 Cause Fear               Hex            #######...   1%          4    None
 Dispel Undead            Necr           #######.     1%          4    None
 Fulminant Prism          Conj/Hex       #######...   1%          4    None
 Hailstorm                Conj/Ice       #######.     1%          4    None
 Ice Form                 Ice/Tmut       #######.     1%          4    None
 Iskenderun's Mystic Bla  Conj/Tloc      #######.     1%          4    None
 Leda's Liquefaction      Hex/Erth       #######...   1%          4    None
 Petrify                  Tmut/Erth      #######.     1%          4    None
 Sticky Flame             Conj/Fire      #######.     1%          4    None
 Summon Ice Beast         Ice/Summ       #######.     1%          4    None
 Agony                    Necr           #######.     1%          5    None
 Alistair's Intoxication  Tmut/Pois      #######.     1%          5    None
 Aura of Abjuration       Summ           #######...   1%          5    None
 Blade Hands              Tmut           #######...   1%          5    None
 Bolt of Magma            Conj/Fire/Erth #######...   1%          5    None
 Borgnjor's Vile Clutch   Necr/Erth      #######...   1%          5    None
 Excruciating Wounds      Chrm/Necr      #######...   1%          5    None
 Fireball                 Conj/Fire      #######...   1%          5    None
 Irradiate                Conj/Tmut      #######...   1%          5    None
 Iskenderun's Battlesphe  Conj/Chrm      #######.     1%          5    None
 Lee's Rapid Deconstruct  Erth           #######...   1%          5    None
 Lightning Bolt           Conj/Air       #######...   1%          5    None
 Summon Demon             Summ           #######...   1%          5    None
 Yara's Violent Unravell  Hex/Tmut       #######...   1%          5    None
 Conjure Ball Lightning   Conj/Air       #######...   2%          6    None
 Dispersal                Tloc           #######...   2%          6    None
 Eringya's Noxious Bog    Tmut/Pois      #######...   2%          6    None
 Freezing Cloud           Conj/Ice/Air   #######...   2%          6    None
 Hydra Form               Tmut           #######...   2%          6    None
 Ozocubu's Refrigeration  Ice            #######...   2%          6    None
 Simulacrum               Ice/Necr       #######...   2%          6    None
 Summon Hydra             Summ           #######...   8%          7    ###....
 Dragon Form              Tmut           #######...   12%         7    ###....
 Orb of Destruction       Conj           #######...   12%         7    ###....
 Chain Lightning          Conj/Air       #######...   67%         8    #####..
 Controlled Blink         Tloc           N/A          67%         8    #####..
 Discord                  Hex            #######...   67%         8    #####..
 Disjunction              Tloc           #######...   67%         8    #####..
 Ignition                 Fire           #######...   67%         8    #####..
 Lehudib's Crystal Spear  Conj/Erth      #######...   67%         8    #####..
 Absolute Zero            Ice            #######...   100%        9    ######.
 Fire Storm               Conj/Fire      #######...   100%        9    ######.
 Shatter                  Erth           #######...   100%        9    ######.
 Tornado                  Air            #######...   100%        9    ######.
 Passage of Golubria      Tloc           Unusable     N/A         4    N/A

Dungeon Overview and Level Annotations

Branches:
Dungeon (15/15)            Temple (0/1) D:6            Lair (6/6) D:11
  Swamp (4/4) Lair:4       Spider (4/4) Lair:2        Slime (0/5) Lair:6
    Orc (2/2) D:12            Elf (3/3) Orc:2        Vaults (5/5) D:13
  Crypt (0/3) Vaults:2     Depths (5/5) D:15            Zot (5/5) Depths:5
Volcano (visited)          WizLab (visited)

Altars:
Ashenzari
Cheibriados
Dithmenos
Fedhas
Okawaru
Trog
Wu Jian
Xom
The Shining One
Beogh
Lugonu

Shops:
Orc:2 (*=[   Elf:3 %   Vaults:2 [   Vaults:3 (   Vaults:5 ?%   Depths:1 ?::=
Depths:4 *[[!*

Portals:
Hell: Depths:1 Depths:2 Depths:3 Depths:4 Depths:5
Abyss: Depths:4
Pandemonium: Depths:3
Ziggurat: Depths:3

Annotations:
Lair:2 2 transporters, Weugil's ghost, journeyman HaBe
Lair:4 3 runed translucent doors, exclusion: oklob plant, Nyzic's ghost, journeyman TrMo
Swamp:4 3 runed translucent doors, Keoguots's ghost, adept GnSk; Qemahefa's ghost, adept GrFi; Zachydoop's ghost, journeyman DsGl; popps's ghost, adept MiBe
Spider:1 2 transporters, Gohat's ghost, journeyman HOBe
Elf:3 3 runed translucent doors, Soammui's ghost, adept MiBe
Vaults:3 1 runed translucent door, Zotwa's ghost, adept GnSk
Zot:3 2 transporters, exclusion: obsidian statue
Zot:5 exclusion: obsidian statue
Abyss:1 Boris


Innate Abilities, Weirdness & Mutations

Your experience applies equally to all skills.
You have very sharp teeth.
Your uncanny sense of smell can sniff out nearby items.
You are partially covered in rugged brown scales. (AC +1, +3% HP)
You are partially covered in slimy green scales. (AC +2)
You tend to lose your temper in combat.
Your magical capacity is low. (-10% MP)
You are covered in fur. (AC +1)


Message History

You hit the reaper.
The reaper is devoured by a tear in reality.
No target in view!
No target in view!
(D) Dungeon (T) Temple (L) Lair (S) Swamp (N) Spider Nest (M) Slime Pits (O) Orcish Mines (E) Elven Halls (V) Vaults (C) Crypt (U) Depths (H) Hell (Z) Zot
Where to? (Enter - D:1, ? - help)
There is a stone staircase leading up here.
You climb upwards.
There is a stone staircase leading down here.
There is a stone staircase leading up here.
You climb upwards.
There is a stone staircase leading down here.
There is a stone staircase leading up here.
You climb upwards.
There is a stone staircase leading down here.
There is a staircase leading out of the dungeon here.
You have escaped!

.......................###....# #
................#.............###
................#.....#....#####.
................###.###....#.....
...#....#####.......###....#(....
####....# ##..#####........#.....
#....###..#.....#...#####.....
#....##..#.......#..## #.....
#....#..#....@....#..####.....
#....##..#.......#..##........
#....###..#.....#..#..........
#..........#####..##..........
#................###..........
#........######### #..........
#........# #...###.... #........#
#...# #.... #........# #...#
#....


There were no monsters in sight!

Vanquished Creatures
  An orb of fire (Zot:5)
  2 Killer Klowns (Zot:5)
  Bai Suzhen (Vaults:4)
  Saint Roka (Depths:3)
  5 golden dragons
  Nikola (Spider:2)
  An electric golem (Zot:3)
  Rupert (D:12)
  10 tentacled monstrosities
  7 Orb Guardians (Zot:5)
  2 deep elf blademasters (Elf:3)
  Asterion (Vaults:1)
  3 quicksilver dragons
  4 titans
  2 deep elf master archers (Elf:3)
  An Executioner (Zot:3)
  3 sphinxes
  5 death cobs
  Gastronok (Orc:1)
  Donald (Vaults:2)
  A shadow dragon (Vaults:5)
  5 tengu reavers
  Kirke (D:15)
  Agnes (D:14)
  Roxanne (D:14)
  4 draconian monks
  9 storm dragons
  2 draconian knights
  4 frost giants
  5 fire giants
  4 deep elf sorcerers
  An orc warlord (D:12)
  9 ghost moths
  The ghost of Bolleh the Thaumaturge, a journeyman GnSk of Makhleb (Spider:2)
  An angel (D:13)
  Aizul (Swamp:2)
  3 emperor scorpions (Spider:4)
  3 draconian stormcallers
  5 draconian scorchers
  11 vault wardens
  12 ironheart preservers
  9 deep elf elementalists (Elf:3)
  5 draconian shifters
  9 draconian annihilators
  2 war gargoyles (Vaults:5)
  An entropy weaver (shapeshifter) (Vaults:5)
  8 very ugly things
  4 green draconians
  2 vampire knights
  The ghost of Qeimiotua the Blocker, a journeyman MiFi of Okawaru (Lair:5)
  4 entropy weavers
  A large abomination (Elf:3)
  7 black draconians
  19 stone giants
  5 deep elf demonologists (Elf:3)
  4 deep elf annihilators
  5 red draconians
  Azrael (Spider:1)
  15 purple draconians
  7 yellow draconians
  5 white draconians
  8 spark wasps
  9 statues (WizLab)
  10 ettins
  A green death (D:5)
  A jiangshi (Vaults:2)
  8 deep elf death magi
  A merfolk javelineer (Depths:5)
  12 fire dragons
  12 yaktaur captains
  A hell beast (Depths:1)
  3 deep elf high priests
  5 rakshasas
  2 great orbs of eyes
  8 ice dragons
  12 centaur warriors
  3 small abominations
  14 hydras
  2 spriggan air magi
  16 vault guards
  A ghost crab (Swamp:4)
  A two-headed ogre (shapeshifter) (Vaults:5)
  A satyr (shapeshifter) (Vaults:5)
  A queen ant (Lair:6)
  9 alligators
  17 ogre magi
  4 death scarabs (Spider:4)
  14 dancing weapons
  4 tengu warriors
  61 two-headed ogres
  4 death knights
  5 deep troll earth magi
  4 deep troll shamans
  A spriggan berserker (Depths:4)
  A queen ant (shapeshifter) (Elf:2)
  A storm dragon zombie (Vaults:3)
  An orc high priest (Elf:2)
  A sun demon (D:15)
  32 deep elf knights
  8 hell knights
  A sixfirhy (D:9)
  A fire crab (shapeshifter) (Depths:2)
  3 iron trolls
  A spectral entropy weaver (Spider:2)
  24 deep trolls
  2 fire crabs (Swamp:4)
  A shadow wraith (Vaults:3)
  A storm dragon skeleton (Vaults:3)
  2 unseen horrors
  6 skeletal warriors
  A spriggan druid (Swamp:4)
  2 glowing orange brains (Depths:2)
  7 wizards
  A flayed ghost (Depths:1)
  An orange crystal statue (Depths:2)
  3 phantasmal warriors
  17 deep elf archers
  7 orc knights
  The ghost of iishen the Archer, a novice CeHu of Okawaru (D:7)
  A mana viper (shapeshifter) (Vaults:5)
  13 swamp dragons
  4 harpies
  68 deep elf magi
  10 ironbrand convokers
  8 necromancers
  7 spectral wolf spiders
  9 orb spiders
  5 orc sorcerers
  41 ugly things
  2 manticores (D:14)
  A tengu skeleton (Vaults:3)
  20 wolf spiders
  A salamander (shapeshifter) (Depths:2)
  27 moths of wrath
  7 cyclopes
  A shining eye (shapeshifter) (Elf:3)
  4 black mambas (Lair:6)
  2 guardian serpents (shapeshifter)
  3 elephants (Lair:5)
  Psyche (D:8)
  3 molten gargoyles (Lair:6)
  2 rust devils
  15 vault sentinels
  5 centaur zombies
  2 gargoyles
  8 spiny frogs
  3 orange demons
  3 spectral redbacks (Spider:4)
  10 demonic crawlers
  A rime drake (Lair:3)
  11 komodo dragons
  2 redback zombies (Spider:4)
  A golden dragon simulacrum (Depths:1)
  34 yaktaurs
  5 tengu conjurers
  A hellwing (D:15)
  2 yaktaur skeletons (Vaults:3)
  7 freezing wraiths
  7 trolls
  A troll (shapeshifter) (Vaults:3)
  A red devil (Depths:5)
  A jumping spider (shapeshifter) (D:14)
  2 human skeletons (Vaults:3)
  34 jumping spiders
  A queen bee (Lair:3)
  A spectral jumping spider (Spider:4)
  A polar bear (shapeshifter) (Elf:1)
  4 hornets
  6 tyrant leeches
  A wolf spider simulacrum (Spider:2)
  A hornet (shapeshifter) (Depths:1)
  26 slime creatures
  3 bog bodies
  19 blink frogs
  4 spectral tarantellas (Spider:4)
  3 hippogriffs
  An ettin zombie (Vaults:3)
  2 spriggans (shapeshifter)
  A tarantella (shapeshifter) (Vaults:5)
  2 shadows
  A deep troll skeleton (Depths:1)
  A vampire (D:14)
  32 yaks
  An air elemental (Elf:1)
  A spriggan (D:7)
  23 tarantellas
  7 wraiths
  62 redbacks
  5 wyverns
  19 humans (D:13)
  10 water elementals
  A hog (shapeshifter) (Depths:4)
  4 fire elementals
  4 hogs (D:15)
  3 hungry ghosts
  A basilisk (Lair:6)
  A human (shapeshifter) (Vaults:2)
  A yaktaur simulacrum (Vaults:1)
  4 steam dragons
  A redback simulacrum (Spider:2)
  12 vampire mosquitoes
  7 wargs
  11 swamp worms
  9 soldier ants
  An acid dragon (D:15)
  2 human zombies (Vaults:3)
  5 hell hounds
  9 porcupines
  7 water moccasins
  2 tarantella simulacra (Spider:2)
  2 spectral hornets (Spider:4)
  A black bear (shapeshifter) (Vaults:2)
  2 sky beasts
  6 swamp drakes
  44 orc warriors
  2 black bears
  A hornet zombie (D:10)
  A slave (D:5)
  6 ice beasts
  4 phantoms
  An ogre (shapeshifter) (Depths:3)
  46 ogres
  5 boggarts
  A black mamba simulacrum (Lair:5)
  An ettin simulacrum (Vaults:1)
  12 wolves
  9 centaurs
  6 big kobolds
  14 crocodiles
  14 bullfrogs
  2 earth elementals
  An orb spider simulacrum (Spider:2)
  6 scorpions
  A wyvern skeleton (D:11)
  A hornet simulacrum (D:15)
  25 killer bees (Lair:3)
  5 wights
  3 electric eels
  A howler monkey (D:8)
  5 crimson imps
  7 lava snakes
  A bullfrog zombie (D:12)
  6 hounds
  A quasit (D:5)
  9 orc priests
  7 jellies
  22 orc wizards
  2 bullfrog skeletons
  2 centaur skeletons
  3 iguanas
  25 worker ants
  A killer bee zombie (D:6)
  2 hound zombies
  2 hound skeletons
  8 adders
  4 shadow imps
  An ooze (D:4)
  2 adder zombies (D:6)
  An adder skeleton (D:4)
  2 worms (D:2)
  A worm (shapeshifter) (Vaults:5)
  2 dart slugs (D:1)
  4 leopard geckos
  65 orcs
  2 bats
  8 giant cockroaches
  2 goblins
  7 hobgoblins
  14 jackals
  8 quokkas
  A ball python (D:1)
  5 frilled lizards
  24 kobolds
  A leopard gecko skeleton (D:8)
  3 rats
  7 crawling corpses
  3 fungi
  2 plants
1846 creatures vanquished.

Vanquished Creatures (collateral kills)
  2 ancient liches (Zot:5)
  Mara (Depths:3)
  2 Killer Klowns (Zot:5)
  Margery (Depths:3)
  A curse toe (Zot:5)
  2 golden dragons
  An electric golem (Zot:5)
  3 tentacled monstrosities
  7 Orb Guardians (Zot:5)
  2 quicksilver dragons
  A death cob (Zot:2)
  2 storm dragons (Zot:2)
  2 tengu reavers
  2 ghost moths
  3 fire giants
  An iron dragon (Depths:3)
  2 draconian knights
  2 draconian scorchers
  2 vault wardens (Vaults:5)
  2 emperor scorpions
  2 frost giants (Depths:5)
  2 draconian shifters
  An ironheart preserver (Vaults:1)
  10 very ugly things
  A draconian annihilator (Zot:1)
  5 stone giants
  2 entropy weavers
  A deep elf demonologist (Elf:1)
  4 black draconians
  A deep elf annihilator (Vaults:3)
  5 green draconians
  2 yellow draconians
  A vampire knight (Depths:4)
  2 spark wasps
  4 red draconians
  3 purple draconians
  6 white draconians
  A merfolk javelineer (Depths:5)
  3 fire dragons
  3 ettins
  2 ogre magi
  Josephine (D:12)
  A deep elf high priest (Depths:3)
  5 ice dragons
  2 great orbs of eyes
  2 yaktaur captains
  Fannar (D:11)
  4 vault guards (Vaults:5)
  3 hydras
  A spriggan air mage (Depths:4)
  A catoblepas (D:13)
  A centaur warrior (Depths:4)
  5 two-headed ogres
  6 deep troll shamans
  A deep troll earth mage (Depths:5)
  4 death scarabs (Spider:4)
  An alligator (Swamp:1)
  A dancing weapon (Vaults:5)
  2 orc high priests (Orc:2)
  Sonja (D:10)
  8 hell knights
  3 deep elf knights
  An iron troll (Depths:3)
  A spectral emperor scorpion (Spider:4)
  2 fire crabs
  A spectral ghost moth (Spider:2)
  3 deep trolls
  2 spriggan druids (Swamp:2)
  2 deep elf archers (Elf:1)
  A flayed ghost (Vaults:5)
  A spectral hydra (Lair:5)
  A swamp dragon (Lair:4)
  A spectral wolf spider (Spider:2)
  2 wolf spider zombies
  3 ugly things
  3 necromancers (Depths:3)
  7 wolf spiders
  5 orb spiders
  3 orc knights
  9 deep elf magi
  2 moths of wrath (shapeshifter)
  A moth of wrath (Spider:2)
  A centaur zombie (D:11)
  A black mamba (Lair:6)
  5 spiny frogs
  3 spectral redbacks (Spider:4)
  4 yaktaurs
  A kobold demonologist (D:12)
  A komodo dragon (Lair:4)
  2 demonic crawlers
  3 trolls
  14 jumping spiders
  A spectral moth of wrath (Spider:2)
  A spectral tarantella (Spider:4)
  A meliai (shapeshifter) (Depths:3)
  A bog body (Swamp:2)
  A hornet (Vaults:5)
  6 slime creatures
  Prince Ribbit (D:5)
  A jumping spider zombie (Spider:4)
  2 blink frogs (Lair:4)
  2 hippogriffs
  11 redbacks
  10 yaks
  2 wraiths (D:12)
  A wyvern (Lair:6)
  4 fire elementals
  5 tarantellas
  A water elemental (Depths:5)
  A hungry ghost (D:12)
  A death yak simulacrum (Lair:5)
  4 swamp worms
  3 water moccasins
  A warg (Depths:3)
  A swamp worm (shapeshifter) (Depths:3)
  An acid dragon (D:11)
  2 hell hounds (Lair:6)
  A spectral hornet (Spider:4)
  A hydra simulacrum (Lair:5)
  A floating eye (Depths:3)
  10 orc warriors
  A hornet zombie (Spider:4)
  2 swamp drakes
  2 ice beasts
  A phantom (D:10)
  A sky beast (D:5)
  A slave (D:5)
  A black bear (D:9)
  6 ogres
  A spectral torpor snail (Lair:5)
  An ogre (shapeshifter) (Depths:2)
  2 centaurs
  3 boggarts (Depths:1)
  A crocodile (Lair:4)
  8 wolves
  A big kobold (D:10)
  4 bullfrogs
  A wyvern skeleton (D:6)
  A water moccasin skeleton (D:12)
  8 killer bees (D:10)
  3 wights
  A hound (D:5)
  A quasit (D:10)
  4 orc wizards
  4 orc priests
  A bullfrog skeleton (D:5)
  A centaur skeleton (D:5)
  2 iguanas (Lair:4)
  A howler monkey zombie (D:5)
  4 adders
  A howler monkey skeleton (D:5)
  An adder skeleton (D:4)
  A dart slug (D:1)
  A leopard gecko (D:3)
  23 orcs
  2 bats (D:1)
  A giant cockroach (D:1)
  A goblin (D:1)
  5 hobgoblins
  A jackal (D:6)
  3 kobolds
  2 quokkas
  A ball python (D:1)
  A leopard gecko skeleton (D:4)
  A rat (D:3)
433 creatures vanquished.

Vanquished Creatures (others)
  A Killer Klown (Zot:4)
  2 golden dragons
  An electric golem (Zot:5)
  5 tentacled monstrosities
  5 quicksilver dragons
  8 Orb Guardians
  A lich (Depths:4)
  2 shadow dragons
  3 death cobs (Zot:3)
  2 tengu reavers (Vaults:5)
  4 storm dragons
  4 fire giants
  3 vault wardens (Vaults:5)
  2 deep elf sorcerers
  3 frost giants (Depths:4)
  3 ghost moths
  2 cacodemons
  A balrug (Depths:5)
  A draconian scorcher (Zot:5)
  2 draconian shifters
  A war gargoyle (Vaults:5)
  3 stone giants
  An ironheart preserver (Vaults:5)
  A draconian annihilator (Zot:1)
  A reaper (D:4)
  2 very ugly things (Depths:4)
  5 green draconians
  3 black draconians
  A lorocyproca (Depths:5)
  An entropy weaver (Vaults:5)
  2 red draconians
  4 yellow draconians
  2 purple draconians (Zot:3)
  9 white draconians
  2 ettins
  A blizzard demon (D:8)
  2 fire dragons (Depths:5)
  3 yaktaur captains
  A deep elf high priest (Vaults:5)
  A rakshasa (Vaults:3)
  9 vault guards (Vaults:5)
  An ice dragon (Depths:5)
  A hell beast (D:15)
  A death knight (Vaults:5)
  2 two-headed ogres
  A deep troll earth mage (Depths:4)
  An iron troll (Depths:5)
  A shadow wraith (Vaults:4)
  A phantasmal warrior (Vaults:5)
  A deep elf archer (Vaults:1)
  A spriggan druid (Swamp:4)
  A swamp dragon (Swamp:4)
  A wizard (Depths:4)
  An ironbrand convoker (Vaults:2)
  An orc knight (Vaults:2)
  3 deep elf magi
  5 moths of wrath
  An ugly thing (Vaults:2)
  An orange demon (Zot:1)
  A vault sentinel (Vaults:5)
  2 yaktaurs
  A freezing wraith (Vaults:5)
  A demonic crawler (Spider:3)
  2 jumping spiders (Spider:3)
  A tyrant leech (Swamp:4)
  A blink frog (Swamp:4)
  A redback (shapeshifter) (Depths:4)
  3 water elementals (Depths:5)
  A vampire mosquito (D:15)
  A hell hound (Depths:5)
  6 swamp drakes (Swamp:4)
  A fungus (Orc:2)
  2 plants
  20 snaplasher vines
179 creatures vanquished.

Grand Total: 2458 creatures vanquished

Notes
Turn   | Place    | Note
-------+----------+-------------------------------------------
     0 | D:1      | wearedevo the Gnoll Summoner began the quest for the Orb.
     0 | D:1      | Reached XP level 1. HP: 13/13 MP: 6/6
   258 | D:1      | Reached XP level 2. HP: 4/19 MP: 4/7
   474 | D:1      | Learned a level 2 spell: Call Imp
  1207 | D:1      | Reached XP level 3. HP: 23/25 MP: 9/9
  1336 | D:2      | Reached skill level 5 in Spellcasting
  1545 | D:2      | Reached skill level 1 in Invocations
  1860 | D:2      | Reached skill level 1 in Fighting
  1860 | D:2      | Reached skill level 1 in Short Blades
  1860 | D:2      | Reached skill level 1 in Long Blades
  1860 | D:2      | Reached skill level 1 in Axes
  1860 | D:2      | Reached skill level 1 in Maces & Flails
  1860 | D:2      | Reached skill level 1 in Polearms
  1860 | D:2      | Reached skill level 1 in Staves
  1860 | D:2      | Reached skill level 1 in Slings
  1860 | D:2      | Reached skill level 1 in Bows
  1860 | D:2      | Reached skill level 1 in Crossbows
  1860 | D:2      | Reached skill level 1 in Throwing
  1860 | D:2      | Reached skill level 1 in Armour
  1860 | D:2      | Reached skill level 1 in Shields
  1860 | D:2      | Reached skill level 1 in Unarmed Combat
  1860 | D:2      | Reached skill level 1 in Evocations
  1860 | D:2      | Reached XP level 4. HP: 32/32 MP: 6/11
  2233 | D:2      | Learned a level 3 spell: Call Canine Familiar
  2632 | D:3      | Reached skill level 1 in Conjurations
  2632 | D:3      | Reached skill level 1 in Hexes
  2632 | D:3      | Reached skill level 1 in Charms
  2632 | D:3      | Reached skill level 1 in Necromancy
  2632 | D:3      | Reached skill level 1 in Translocations
  2632 | D:3      | Reached skill level 1 in Transmutations
  2632 | D:3      | Reached skill level 1 in Fire Magic
  2632 | D:3      | Reached skill level 1 in Ice Magic
  2632 | D:3      | Reached skill level 1 in Air Magic
  2632 | D:3      | Reached skill level 1 in Earth Magic
  2632 | D:3      | Reached skill level 1 in Poison Magic
  2888 | D:3      | Found an iron altar of Okawaru.
  2936 | D:3      | Became a worshipper of Warmaster Okawaru
  3158 | D:3      | Found an ornate altar of the Wu Jian Council.
  3259 | D:4      | Reached XP level 5. HP: 22/37 MP: 5/12
  3537 | D:4      | Noticed an ogre
  3547 | D:4      | Killed an ogre
  3640 | D:4      | Noticed an ogre
  3650 | D:4      | Killed an ogre
  3650 | D:4      | Reached * piety under Okawaru
  3650 | D:4      | Reached XP level 6. HP: 44/44 MP: 7/13
  3839 | D:4      | Found a shadowy altar of Dithmenos.
  3949 | D:5      | Entered Level 5 of the Dungeon
  3992 | D:5      | Reached skill level 2 in Long Blades
  3992 | D:5      | Reached skill level 5 in Dodging
  4082 | D:5      | Noticed a sky beast
  4096 | D:5      | Killed a sky beast
  4098 | D:5      | Reached ** piety under Okawaru
  4285 | D:5      | Reached XP level 7. HP: 50/50 MP: 10/15
  4708 | D:5      | Reached skill level 5 in Stealth
  4737 | D:5      | Noticed Prince Ribbit
  4768 | D:5      | Killed Prince Ribbit
  4768 | D:5      | Reached *** piety under Okawaru
  4768 | D:5      | Reached XP level 8. HP: 39/57 MP: 8/16
  4935 | D:5      | Reached skill level 3 in Long Blades
  5631 | D:6      | Found a blossoming altar of Fedhas.
  5643 | D:6      | Reached **** piety under Okawaru
  5841 | D:6      | Found a staircase to the Ecumenical Temple.
  5858 | D:6      | Received a gift from Okawaru
  6222 | D:6      | Reached XP level 9. HP: 65/65 MP: 18/18
  6254 | D:6      | Learned a level 4 spell: Summon Ice Beast
  6259 | D:6      | Learned a level 4 spell: Summon Lightning Spire
  7007 | D:7      | Reached skill level 4 in Long Blades
  7295 | D:7      | Got a faintly humming helmet
  7301 | D:7      | Identified the cursed -6 helmet of the Prince {rElec MR+
                  | Str+6 Dex-4} (You found it on level 7 of the Dungeon)
  7493 | D:7      | Found a runed translucent gate.
  7499 | D:7      | Found a runed translucent gate.
  7499 | D:7      | Found a runed translucent gate.
  7499 | D:7      | Noticed iishen's ghost (novice CeHu)
  7505 | D:7      | Found a roughly hewn altar of Beogh.
  7505 | D:7      | Identified the +6 plate armour "Deqipnos" {Str+3}
  7714 | D:7      | Received a gift from Okawaru
  7775 | D:7      | Got a faintly glowing cloak
  7793 | D:7      | Identified the +1 cloak of Protective Custody {rC+ Int+5}
                  | (You found it on level 7 of the Dungeon)
  8471 | D:8      | Noticed Psyche
  8480 | D:8      | Killed Psyche
  8480 | D:8      | Reached skill level 5 in Invocations
  8831 | D:8      | Identified a scroll of acquirement
  8831 | D:8      | Identified the amulet "Waalikkim" {RegenMP rPois} (You
                  | acquired it on level 8 of the Dungeon)
  9311 | D:8      | Reached XP level 10. HP: 54/73 MP: 17/20
  9715 | D:9      | Reached ***** piety under Okawaru
  9826 | D:9      | Noticed a two-headed ogre
  9836 | D:9      | Killed a two-headed ogre
  9903 | D:9      | Received a gift from Okawaru
  9903 | D:9      | Reached skill level 5 in Fighting
  9903 | D:9      | Reached skill level 5 in Short Blades
  9903 | D:9      | Reached skill level 5 in Long Blades
  9903 | D:9      | Reached skill level 5 in Axes
  9903 | D:9      | Reached skill level 5 in Maces & Flails
  9903 | D:9      | Reached skill level 5 in Polearms
  9903 | D:9      | Reached skill level 5 in Staves
  9903 | D:9      | Reached skill level 5 in Slings
  9903 | D:9      | Reached skill level 5 in Bows
  9903 | D:9      | Reached skill level 5 in Crossbows
  9903 | D:9      | Reached skill level 5 in Throwing
  9903 | D:9      | Reached skill level 5 in Armour
  9903 | D:9      | Reached skill level 5 in Shields
  9903 | D:9      | Reached skill level 5 in Unarmed Combat
  9903 | D:9      | Reached skill level 5 in Evocations
 10768 | D:10     | Entered Level 10 of the Dungeon
 10950 | D:10     | Noticed Sonja
 10957 | D:10     | Killed Sonja
 11968 | D:10     | Reached XP level 11. HP: 81/81 MP: 13/22
 12420 | D:11     | Received a gift from Okawaru
 12634 | D:11     | Noticed a two-headed ogre
 12642 | D:11     | Killed a two-headed ogre
 12692 | D:11     | Noticed Fannar
 12711 | D:11     | Killed Fannar
 12711 | D:11     | Received a gift from Okawaru
 12777 | D:11     | Noticed a seven-headed hydra
 12784 | D:11     | Killed a seven-headed hydra
 12784 | D:11     | Reached ****** piety under Okawaru
 12784 | D:11     | Received a gift from Okawaru
 12784 | D:11     | Reached skill level 6 in Long Blades
 12784 | D:11     | Reached skill level 5 in Conjurations
 12784 | D:11     | Reached skill level 5 in Hexes
 12784 | D:11     | Reached skill level 5 in Charms
 12784 | D:11     | Reached skill level 5 in Necromancy
 12784 | D:11     | Reached skill level 5 in Translocations
 12784 | D:11     | Reached skill level 5 in Transmutations
 12784 | D:11     | Reached skill level 5 in Fire Magic
 12784 | D:11     | Reached skill level 5 in Ice Magic
 12784 | D:11     | Reached skill level 5 in Air Magic
 12784 | D:11     | Reached skill level 5 in Earth Magic
 12784 | D:11     | Reached skill level 5 in Poison Magic
 12785 | D:11     | Got faintly humming quicksilver dragon scales {god gift}
 12796 | D:11     | Identified the quicksilver dragon scales of the Sparrow
                  | {rElec MR+ Int-5 Dex+4 Stlth+} (Okawaru gifted it to you on
                  | level 11 of the Dungeon)
 13172 | D:11     | Found a staircase to the Lair.
 13698 | D:12     | Reached skill level 7 in Long Blades
 13698 | D:12     | Reached XP level 12. HP: 75/91 MP: 24/24
 13898 | D:12     | Found a staircase to the Orcish Mines.
 13925 | D:12     | Learned a level 3 spell: Mephitic Cloud
 13930 | D:12     | Learned a level 4 spell: Olgreb's Toxic Radiance
 14260 | D:12     | Noticed Josephine
 14288 | D:12     | Noticed Rupert
 14288 | D:12     | Paralysed by Rupert for 5 turns
 14290 | D:12     | Killed Josephine
 14296 | D:12     | Noticed a two-headed ogre
 14303 | D:12     | Paralysed by Rupert for 4 turns
 14452 | D:12     | Killed a two-headed ogre
 14463 | D:12     | Killed Rupert
 14887 | Lair:1   | Entered Level 1 of the Lair of Beasts
 14890 | Lair:1   | Noticed a five-headed hydra
 14896 | Lair:1   | Reached XP level 13. HP: 96/96 MP: 12/26
 14906 | Lair:1   | Received a gift from Okawaru
 15088 | Lair:1   | Received a gift from Okawaru
 15153 | Lair:1   | Found the +6 shillelagh "Devastator" {shatter}
 15318 | Lair:1   | Received a gift from Okawaru
 15680 | Lair:2   | Found a transporter.
 15687 | Lair:2   | Found a transporter.
 15687 | Lair:2   | Noticed Weugil's ghost (journeyman HaBe)
 15770 | Lair:2   | Reached skill level 8 in Long Blades
 16072 | Lair:2   | Found a hole to the Spider Nest.
 17652 | Lair:4   | Reached skill level 10 in Summonings
 17775 | Lair:4   | Received a gift from Okawaru
 17780 | Lair:4   | Got bloodstained pearl dragon scales {god gift}
 17810 | Lair:4   | Identified the +3 pearl dragon scales "Xeimaste" {rN+
                  | Dex+4} (Okawaru gifted it to you on level 4 of the Lair of
                  | Beasts)
 17888 | Lair:4   | Found a staircase to the Swamp.
 18020 | Lair:4   | Found a runed translucent gate.
 18020 | Lair:4   | Found a runed translucent gate.
 18020 | Lair:4   | Found a runed translucent gate.
 18020 | Lair:4   | Noticed Nyzic's ghost (journeyman TrMo)
 18775 | Lair:5   | Reached XP level 14. HP: 97/106 MP: 27/27
 19087 | Lair:5   | Found a runed translucent gate.
 19087 | Lair:5   | Found a runed translucent gate.
 19089 | Lair:5   | Found a runed translucent gate.
 19092 | Lair:5   | Noticed Qeimiotua's ghost (journeyman MiFi)
 19193 | Lair:6   | Entered Level 6 of the Lair of Beasts
 19215 | Lair:6   | Noticed an entropy weaver
 19217 | Lair:6   | Noticed an entropy weaver
 19232 | Lair:6   | Killed an entropy weaver
 19232 | Lair:6   | Reached skill level 10 in Spellcasting
 19244 | Lair:6   | Killed an entropy weaver
 19777 | Lair:6   | Found a staircase to the Slime Pits.
 19839 | Lair:6   | Reached skill level 10 in Dodging
 20572 | Lair:6   | Reached skill level 9 in Long Blades
 21088 | Lair:6   | Found a large runed translucent door.
 21120 | Lair:6   | Received a gift from Okawaru
 21123 | Lair:6   | Identified the +1 ring mail "Sanar" {Regen+ Dex+4} (Okawaru
                  | gifted it to you on level 6 of the Lair of Beasts)
 21143 | Lair:6   | Reached skill level 10 in Stealth
 21149 | Lair:6   | Found a large runed translucent door.
 21189 | Lair:6   | Gained mutation: Armour fits poorly on your strangely
                  | shaped body. [potion of mutation]
 21189 | Lair:6   | Gained mutation: Your mind is acute. (Int +2) [potion of
                  | mutation]
 21774 | Orc:1    | Entered Level 1 of the Orcish Mines
 21774 | Orc:1    | Noticed Gastronok
 21791 | Orc:1    | Killed Gastronok
 21795 | Orc:1    | Lost mutation: Your mind is acute. (Int +2) [potion of
                  | mutation]
 21795 | Orc:1    | Lost mutation: Armour fits poorly on your strangely shaped
                  | body. [potion of mutation]
 21795 | Orc:1    | Gained mutation: You are dopey. (Int -2) [potion of
                  | mutation]
 21795 | Orc:1    | Gained mutation: You have large cloven feet. [potion of
                  | mutation]
 21867 | Orc:1    | Reached skill level 10 in Invocations
 22122 | Orc:1    | Found a dark tunnel.
 22138 | Volcano  | Entered a volcano
 22217 | Volcano  | Noticed a red draconian
 22240 | Volcano  | Killed a red draconian
 22547 | Orc:1    | Found a bloodstained altar of Trog.
 22937 | Orc:2    | Entered Level 2 of the Orcish Mines
 23028 | Orc:2    | Found Mitam's General Store.
 23040 | Orc:2    | Noticed an orc warlord
 23476 | Orc:2    | Reached XP level 15. HP: 114/114 MP: 20/29
 23851 | Orc:2    | Found Bepessap's Jewellery Shoppe.
 23859 | Orc:2    | Bought the amulet "Ipumim" {Faith *Contam +Blink Int+4} for
                  | 738 gold pieces
 23989 | Orc:2    | Found Seqoil's Antique Weapon Boutique.
 23992 | Orc:2    | Found a staircase to the Elven Halls.
 24035 | Orc:2    | Received a gift from Okawaru
 24236 | Orc:2    | Found Beqex's Antique Armour Emporium.
 24517 | Orc:2    | Bought a pitted morningstar for 171 gold pieces
 24517 | Orc:2    | Identified the cursed +1 morningstar "Death Rattle"
                  | {vorpal, +Inv Str+3 Dex-2 SInv} (You bought it in a shop on
                  | level 2 of the Orcish Mines)
 24557 | D:12     | Killed an orc warlord
 25356 | D:13     | Received a gift from Okawaru
 25362 | D:13     | Received a gift from Okawaru
 25532 | D:13     | Found a gate to the Vaults.
 25629 | D:13     | Found an iron altar of Okawaru.
 25700 | D:13     | Found a glowing golden altar of the Shining One.
 25720 | D:13     | Learned a level 5 spell: Silence
 25977 | D:13     | Reached skill level 10 in Fighting
 25977 | D:13     | Reached skill level 10 in Short Blades
 25977 | D:13     | Reached skill level 10 in Long Blades
 25977 | D:13     | Reached skill level 10 in Axes
 25977 | D:13     | Reached skill level 10 in Maces & Flails
 25977 | D:13     | Reached skill level 10 in Polearms
 25977 | D:13     | Reached skill level 10 in Staves
 25977 | D:13     | Reached skill level 10 in Slings
 25977 | D:13     | Reached skill level 10 in Bows
 25977 | D:13     | Reached skill level 10 in Crossbows
 25977 | D:13     | Reached skill level 10 in Throwing
 25977 | D:13     | Reached skill level 10 in Armour
 25977 | D:13     | Reached skill level 10 in Shields
 25977 | D:13     | Reached skill level 10 in Unarmed Combat
 25977 | D:13     | Reached skill level 10 in Evocations
 26117 | D:14     | Identified Roxanne's Disquisition on Shape Shifting
 26117 | D:14     | Noticed Roxanne
 26132 | D:14     | Received a gift from Okawaru
 26511 | D:14     | Killed Roxanne
 26511 | D:14     | Received a gift from Okawaru
 27000 | D:14     | Learned a level 5 spell: Summon Forest
 27303 | D:15     | Entered Level 15 of the Dungeon
 27321 | D:15     | Received a gift from Okawaru
 27326 | D:15     | Noticed Agnes
 27341 | D:14     | Killed Agnes
 27341 | D:14     | Received a gift from Okawaru
 27362 | D:14     | Reached XP level 16. HP: 43/122 MP: 21/31
 27384 | D:14     | Received a gift from Okawaru
 28634 | D:15     | Noticed Kirke
 28640 | D:15     | Noticed a sphinx
 28650 | D:15     | Killed Kirke
 29096 | D:15     | Received a gift from Okawaru
 29114 | D:15     | Found a staircase to the Depths.
 29961 | Spider:1 | Entered Level 1 of the Spider Nest
 30598 | Lair:2   | Upgraded the game from 0.25-a0-936-gcfa9253 to
                  | 0.25-a0-940-gc6eaff5
 30948 | Spider:1 | Noticed Azrael
 30956 | Spider:1 | Killed Azrael
 31397 | Spider:1 | Found a transporter.
 31400 | Spider:1 | Noticed Gohat's ghost (journeyman HOBe)
 31412 | Spider:1 | Found a transporter.
 31575 | Spider:1 | Got an ichor-stained robe
 31586 | Spider:1 | Identified the +2 robe of Honesty {rN+} (You found it on
                  | level 1 of the Spider Nest)
 31848 | Spider:2 | Noticed Nikola
 31866 | Spider:2 | Killed Nikola
 31980 | Spider:1 | Received a gift from Okawaru
 32264 | Spider:2 | Received a gift from Okawaru
 32278 | Spider:2 | Reached skill level 11 in Long Blades
 32450 | Spider:2 | Reached XP level 17. HP: 128/131 MP: 24/32
 32452 | Spider:2 | Received a gift from Okawaru
 32466 | Spider:2 | Got a sapphire hand crossbow {god gift}
 32467 | Spider:2 | Identified the +10 hand crossbow of Defence by Offence
                  | {vorpal, rF+ Int+4 Dex+4} (Okawaru gifted it to you on
                  | level 2 of the Spider Nest)
 33980 | Spider:2 | Found a runed translucent gate.
 33980 | Spider:2 | Found a runed translucent gate.
 33981 | Spider:2 | Found a runed translucent gate.
 33982 | Spider:2 | Noticed Bolleh's ghost (journeyman GnSk)
 34448 | Spider:2 | Got a polished ring mail
 34459 | Spider:2 | Identified the cursed +0 ring mail "Sewehyps" {rElec rPois
                  | Slay+5} (You found it on level 2 of the Spider Nest)
 34555 | Spider:3 | Received a gift from Okawaru
 35257 | Spider:3 | Learned a level 6 spell: Eringya's Noxious Bog
 36153 | Spider:4 | Entered Level 4 of the Spider Nest
 36336 | Spider:4 | Received a gift from Okawaru
 37756 | Spider:4 | Received a gift from Okawaru
 37802 | Spider:4 | Received a gift from Okawaru
 38293 | Spider:4 | Reached skill level 10 in Conjurations
 38293 | Spider:4 | Reached skill level 10 in Hexes
 38293 | Spider:4 | Reached skill level 10 in Charms
 38293 | Spider:4 | Reached skill level 10 in Necromancy
 38293 | Spider:4 | Reached skill level 10 in Translocations
 38293 | Spider:4 | Reached skill level 10 in Transmutations
 38293 | Spider:4 | Reached skill level 10 in Fire Magic
 38293 | Spider:4 | Reached skill level 10 in Ice Magic
 38293 | Spider:4 | Reached skill level 10 in Air Magic
 38293 | Spider:4 | Reached skill level 10 in Earth Magic
 38293 | Spider:4 | Reached skill level 10 in Poison Magic
 38542 | Spider:4 | Reached XP level 18. HP: 126/139 MP: 34/34
 38776 | Spider:4 | Got a gossamer rune of Zot
 39362 | D:7      | Killed iishen's ghost
 39896 | Swamp:1  | Entered Level 1 of the Swamp
 40548 | Swamp:1  | Received a gift from Okawaru
 41051 | Swamp:2  | Noticed Aizul
 41070 | Swamp:2  | Killed Aizul
 41442 | Swamp:2  | Received a gift from Okawaru
 43265 | Swamp:4  | Entered Level 4 of the Swamp
 43379 | Swamp:4  | Reached skill level 12 in Long Blades
 45048 | Swamp:3  | Received a gift from Okawaru
 45707 | Swamp:4  | Got a decaying rune of Zot
 45946 | Swamp:4  | Found a runed translucent gate.
 45947 | Swamp:4  | Found a runed translucent gate.
 45948 | Swamp:4  | Found a runed translucent gate.
 45949 | Swamp:4  | Noticed Keoguots's ghost (adept GnSk)
 45950 | Swamp:4  | Noticed Zachydoop's ghost (journeyman DsGl)
 45950 | Swamp:4  | Noticed popps's ghost (adept MiBe)
 45950 | Swamp:4  | Noticed Qemahefa's ghost (adept GrFi)
 46207 | Lair:5   | Killed Qeimiotua's ghost
 46427 | Spider:2 | Killed Bolleh's ghost
 46656 | Vaults:1 | Entered Level 1 of the Vaults
 46777 | Vaults:1 | Received a gift from Okawaru
 46784 | Vaults:1 | Got a crude hand crossbow {god gift}
 46785 | Vaults:1 | Identified the +5 hand crossbow of Okawaru's Approval
                  | {elec, *Contam *Corrode rPois MR+++} (Okawaru gifted it to
                  | you on level 1 of the Vaults)
 47020 | Vaults:1 | Reached XP level 19. HP: 146/146 MP: 17/36
 47040 | Vaults:1 | Paralysed by a great orb of eyes for 7 turns
 47050 | Vaults:1 | Received a gift from Okawaru
 47930 | Vaults:1 | Found a snail-covered altar of Cheibriados.
 48157 | Vaults:1 | Noticed Asterion
 48171 | Vaults:1 | Gained mutation: You are weak. (Str -2) [a cacodemon]
 48173 | Vaults:1 | Gained mutation: Your spells are a little harder to cast,
                  | but a little more powerful. [a cacodemon]
 48194 | Vaults:1 | Killed Asterion
 48839 | Vaults:2 | Found Dairok's Armour Emporium.
 48881 | Vaults:2 | Received a gift from Okawaru
 48901 | Vaults:2 | Found a flickering gateway to a bazaar.
 48913 | Bazaar   | Entered a bazaar
 48917 | Bazaar   | Found Roiwij's Antique Weapon Boutique.
 48935 | Bazaar   | Found Faxud's Antique Weapon Emporium.
 48952 | Bazaar   | Found Zinek's Weapon Boutique.
 48969 | Bazaar   | Found Viasat's Weapon Shoppe.
 49029 | Vaults:2 | Received a gift from Okawaru
 49401 | Vaults:2 | Received a gift from Okawaru
 49445 | Vaults:2 | Got an ichor-stained flail {god gift}
 49446 | Vaults:2 | Identified the +11 flail "Hibbust" {venom, rF+ MR+ Str-3}
                  | (Okawaru gifted it to you on level 2 of the Vaults)
 49587 | Vaults:2 | Found a staircase to the Crypt.
 49813 | Vaults:2 | Reached XP level 20. HP: 155/155 MP: 37/37
 49868 | Vaults:2 | Reached skill level 13 in Long Blades
 50135 | Vaults:2 | Received a gift from Okawaru
 50483 | Vaults:2 | Noticed Donald
 50505 | Vaults:2 | Killed Donald
 51901 | Vaults:3 | Received a gift from Okawaru
 51908 | Vaults:3 | Got a translucent ring mail {god gift}
 51919 | Vaults:3 | Identified the +5 ring mail "Qyeguik" {rElec Str+2}
                  | (Okawaru gifted it to you on level 3 of the Vaults)
 52120 | Vaults:3 | Found a runed translucent door.
 52120 | Vaults:3 | Found a shimmering altar of Xom.
 52120 | Vaults:3 | Noticed Zotwa's ghost (adept GnSk)
 52121 | Vaults:3 | Found the +3 robe of Folly {Archmagi, MR-- Int+5}
 52179 | Vaults:3 | Found Faty's Weapon Emporium.
 54229 | Vaults:4 | Noticed Bai Suzhen
 54258 | Vaults:4 | Killed Bai Suzhen
 54258 | Vaults:4 | Received a gift from Okawaru
 54492 | Vaults:4 | Received a gift from Okawaru
 54510 | Vaults:4 | Reached XP level 21. HP: 136/163 MP: 39/39
 55076 | Vaults:4 | Got a scintillating brass ring
 55078 | Vaults:4 | Identified the ring of Qenuogh {+Fly rF+ rN+} (You found it
                  | on level 4 of the Vaults)
 56001 | Elf:1    | Entered Level 1 of the Elven Halls
 56007 | Elf:1    | Found a magical portal.
 56846 | WizLab   | Received a gift from Okawaru
 58985 | WizLab   | Identified Iskenderun's Handbook of Conjuration
 58985 | WizLab   | Identified Iskenderun's Handbook of Confrontation
 59250 | Elf:1    | Reached skill level 15 in Invocations
 59540 | Elf:1    | Reached skill level 14 in Long Blades
 60419 | Elf:1    | Identified the ring "Dinkoerulu" {Dex+3 Stlth+}
 60633 | Elf:1    | Received a gift from Okawaru
 61055 | Elf:1    | Lost mutation: You have large cloven feet. [potion of
                  | mutation]
 61055 | Elf:1    | Lost mutation: Your spells are a little harder to cast, but
                  | a little more powerful. [potion of mutation]
 61055 | Elf:1    | Lost mutation: You are dopey. (Int -2) [potion of mutation]
 61055 | Elf:1    | Lost mutation: You are weak. (Str -2) [potion of mutation]
 61055 | Elf:1    | Gained mutation: Your spells are a little easier to cast,
                  | but a little less powerful. [potion of mutation]
 61055 | Elf:1    | Gained mutation: You are covered in fur. (AC +1) [potion of
                  | mutation]
 61257 | Elf:2    | Reached XP level 22. HP: 145/172 MP: 40/40
 61636 | Elf:2    | Found a runed translucent gate.
 61637 | Elf:2    | Found a runed translucent gate.
 61641 | Elf:2    | Found a runed translucent gate.
 61703 | Elf:2    | Received a gift from Okawaru
 62037 | Elf:3    | Entered Level 3 of the Elven Halls
 62037 | Elf:3    | Found Yfriocri's Food Shop.
 63389 | Elf:3    | Reached skill level 15 in Spellcasting
 63590 | Elf:3    | Received a gift from Okawaru
 63667 | Elf:3    | Noticed Soammui's ghost (adept MiBe)
 63668 | Elf:3    | Found a runed translucent gate.
 63668 | Elf:3    | Found a runed translucent gate.
 63668 | Elf:3    | Found a runed translucent gate.
 64079 | Elf:3    | Identified the cursed +2 war axe of Solemu {vamp, Stlth+}
 64125 | Elf:3    | Identified the ring of the Seer {+Inv MR+ Str-2 Stlth+}
 64126 | Elf:3    | Identified the +3 leather armour of Pantheism {rElec rF+
                  | rN+ Int-5}
 64128 | Elf:3    | Identified the +8 falchion of the Endless Expanse {distort,
                  | Str+2 Int+3}
 64134 | Elf:3    | Reached skill level 15 in Dodging
 64141 | Elf:3    | Reached skill level 15 in Long Blades
 64142 | Elf:3    | Identified the cursed +1 battleaxe of Wrath {vorpal, *Slow
                  | rC- rN++ Stlth+}
 64142 | Elf:3    | Identified the ring "Seol" {+Inv Str+3}
 64157 | Elf:3    | Reached skill level 15 in Stealth
 64491 | Elf:3    | Received a gift from Okawaru
 65141 | Elf:3    | Received a gift from Okawaru
 65203 | Elf:3    | Learned a level 6 spell: Death Channel
 65210 | Elf:3    | Learned a level 6 spell: Invisibility
 65235 | Elf:3    | Learned a level 6 spell: Shadow Creatures
 65676 | Depths:1 | Entered Level 1 of the Depths
 65892 | Depths:1 | Found Xephoam's Jewellery Emporium.
 65894 | Depths:1 | Found Letog's Book Emporium.
 65894 | Depths:1 | Found Citopt's Book Shoppe.
 65901 | Depths:1 | Found Vesoh's Magic Scroll Shoppe.
 65920 | Depths:1 | Bought a scroll of blinking for 82 gold pieces
 65920 | Depths:1 | Bought a scroll of magic mapping for 38 gold pieces
 65920 | Depths:1 | Bought a scroll of enchant armour for 82 gold pieces
 65936 | Depths:1 | Learned a level 2 spell: Blink
 65942 | Depths:1 | Learned a level 5 spell: Summon Mana Viper
 66378 | Depths:1 | Found a gateway to Hell.
 66423 | Depths:1 | Found a shattered altar of Ashenzari.
 66983 | Depths:2 | Reached XP level 23. HP: 146/179 MP: 23/42
 67118 | Depths:2 | Received a gift from Okawaru
 67957 | Depths:2 | Received a gift from Okawaru
 68260 | Depths:2 | Found a runed translucent door.
 68272 | Depths:2 | Found a runed translucent door.
 68803 | Depths:2 | Noticed a golden dragon
 68827 | Depths:2 | Killed a golden dragon
 68854 | Depths:2 | Received a gift from Okawaru
 69396 | Depths:3 | Found a one-way gate leading to the halls of Pandemonium.
 69609 | Depths:3 | Paralysed by a vampire knight for 4 turns
 69864 | Depths:3 | Noticed Saint Roka
 69870 | Depths:3 | Noticed Margery
 69887 | Depths:3 | Killed Saint Roka
 69887 | Depths:3 | Reached skill level 15 in Fighting
 69887 | Depths:3 | Reached skill level 15 in Short Blades
 69887 | Depths:3 | Reached skill level 16 in Long Blades
 69887 | Depths:3 | Reached skill level 15 in Axes
 69887 | Depths:3 | Reached skill level 15 in Maces & Flails
 69887 | Depths:3 | Reached skill level 15 in Polearms
 69887 | Depths:3 | Reached skill level 15 in Staves
 69887 | Depths:3 | Reached skill level 15 in Slings
 69887 | Depths:3 | Reached skill level 15 in Bows
 69887 | Depths:3 | Reached skill level 15 in Crossbows
 69887 | Depths:3 | Reached skill level 15 in Throwing
 69887 | Depths:3 | Reached skill level 15 in Armour
 69887 | Depths:3 | Reached skill level 15 in Shields
 69887 | Depths:3 | Reached skill level 15 in Unarmed Combat
 69887 | Depths:3 | Reached skill level 15 in Evocations
 70175 | Depths:3 | Killed Margery
 70269 | Depths:3 | Found a gateway to a ziggurat.
 70417 | Depths:3 | Paralysed by a floating eye for 2 turns
 70426 | Depths:3 | Paralysed by a floating eye for 2 turns
 70879 | Depths:3 | Noticed Mara
 70889 | Depths:3 | Killed Mara
 70889 | Depths:3 | Received a gift from Okawaru
 70907 | Depths:3 | Identified a +2 pair of boots of running (Okawaru gifted it
                  | to you on level 3 of the Depths)
 71558 | Depths:4 | Found Adias's Armour Shop.
 71645 | Depths:4 | Found Readac's Distillery.
 71648 | Depths:4 | Bought a potion of curing for 54 gold pieces
 71648 | Depths:4 | Bought a potion of resistance for 180 gold pieces
 71648 | Depths:4 | Bought a potion of haste for 180 gold pieces
 71648 | Depths:4 | Bought a potion of heal wounds for 90 gold pieces
 71648 | Depths:4 | Bought a potion of haste for 180 gold pieces
 71688 | Depths:4 | Found Zerump's General Store.
 71701 | Depths:4 | Bought a scroll of teleportation for 72 gold pieces
 71830 | Depths:4 | Found Xodasuept's General Store.
 71836 | Depths:4 | Bought the +8 demon trident "Rift" {distort, reach+} for
                  | 1690 gold pieces
 71836 | Depths:4 | Found the +8 demon trident "Rift" {distort, reach+}
 71836 | Depths:4 | Bought a scroll of blinking for 150 gold pieces
 72079 | Depths:4 | Reached XP level 24. HP: 155/189 MP: 31/42
 72190 | Depths:4 | Noticed Boris
 72198 | Depths:4 | Banished Boris
 72753 | Depths:4 | Found Qubivi Midesk's Antique Armour Boutique.
 73057 | Depths:4 | Found a corrupted altar of Lugonu.
 73057 | Depths:4 | Found a one-way gate to the infinite horrors of the Abyss.
 73390 | Depths:5 | Entered Level 5 of the Depths
 73394 | Depths:5 | Received a gift from Okawaru
 74179 | Depths:5 | Reached skill level 17 in Long Blades
 74458 | Depths:5 | Received a gift from Okawaru
 75286 | Depths:5 | Found a gate to the Realm of Zot.
 76302 | Vaults:5 | Entered Level 5 of the Vaults
 76426 | Vaults:5 | Received a gift from Okawaru
 76449 | Vaults:5 | Reached skill level 15 in Summonings
 76475 | Vaults:5 | Reached XP level 25. HP: 116/197 MP: 11/43
 77307 | Vaults:5 | Found Xivvaov's Food Shoppe.
 77328 | Vaults:5 | Received a gift from Okawaru
 77461 | Vaults:5 | Identified the cursed +2 halberd "Orb Guardian's Peril"
                  | {vorpal, rF++ Int+2 Dex-3}
 77461 | Vaults:5 | Identified the +5 hand crossbow of the Revolution {venom,
                  | rN++ Dex+4}
 77484 | Vaults:5 | Identified the +8 scimitar of Spite {speed, +Rage} (You
                  | found it on level 5 of the Vaults)
 77486 | Vaults:5 | Identified the Catalogue of Mutagenic Attacks
 77770 | Vaults:5 | Reached skill level 18 in Long Blades
 78095 | Vaults:5 | Got a silver rune of Zot
 78232 | Vaults:5 | Found Gudat's Distillery.
 78248 | Vaults:5 | Found Zylawk's Magic Scroll Shop.
 78252 | Vaults:5 | Bought a scroll of teleportation for 60 gold pieces
 78252 | Vaults:5 | Bought a scroll of enchant armour for 150 gold pieces
 78463 | Vaults:5 | Learned a level 5 spell: Metabolic Englaciation
 78470 | Vaults:5 | Learned a level 6 spell: Statue Form
 78849 | Zot:1    | Entered Level 1 of the Realm of Zot
 80066 | Zot:1    | HP: 7/198 [black draconian/bolt of lightning (33)]
 80611 | Zot:1    | Received a gift from Okawaru
 80611 | Zot:1    | Reached XP level 26. HP: 206/206 MP: 42/43
 80691 | Zot:1    | Got a faintly humming hat {god gift}
 80702 | Zot:1    | Identified the +1 hat of Risiz {rPois rN++ MR- Regen+}
                  | (Okawaru gifted it to you on level 1 of the Realm of Zot)
 81013 | Zot:1    | Noticed an orb of fire
 81019 | Zot:1    | Gained mutation: You occasionally shout uncontrollably at
                  | your foes. [an orb of fire]
 81020 | Zot:1    | Gained mutation: Scrolls take you a little longer to read.
                  | [an orb of fire]
 81028 | Zot:1    | Banished an orb of fire
 82107 | Zot:2    | Noticed an orb of fire
 82117 | Zot:2    | Banished an orb of fire
 82686 | Zot:2    | Lost mutation: Scrolls take you a little longer to read.
                  | [potion of mutation]
 82686 | Zot:2    | Lost mutation: Your spells are a little easier to cast, but
                  | a little less powerful. [potion of mutation]
 82686 | Zot:2    | Lost mutation: You occasionally shout uncontrollably at
                  | your foes. [potion of mutation]
 82686 | Zot:2    | Gained mutation: You are partially covered in slimy green
                  | scales. (AC +2) [potion of mutation]
 82686 | Zot:2    | Gained mutation: You are partially covered in rugged brown
                  | scales. (AC +1, +3% HP) [potion of mutation]
 83056 | Zot:2    | Reached skill level 19 in Long Blades
 83306 | Zot:3    | Received a gift from Okawaru
 83831 | Zot:3    | Found a transporter.
 83842 | Zot:3    | Found a transporter.
 84791 | Zot:4    | Reached XP level 27. HP: 219/219 MP: 43/44
 85921 | Zot:5    | Entered Level 5 of the Realm of Zot
 85923 | Zot:5    | Noticed an orb of fire
 85923 | Zot:5    | Noticed an orb of fire
 85923 | Zot:5    | Gained mutation: You tend to lose your temper in combat.
                  | [an orb of fire]
 85925 | Zot:5    | Noticed an orb of fire
 85926 | Zot:5    | Gained mutation: Your magical capacity is low. (-10% MP)
                  | [an orb of fire]
 85927 | Zot:5    | Noticed an ancient lich
 85940 | Zot:5    | Noticed an orb of fire
 85941 | Zot:5    | Noticed an ancient lich
 85942 | Zot:5    | Banished an orb of fire
 85943 | Zot:5    | Paralysed by an ancient lich for 4 turns
 85948 | Zot:5    | Received a gift from Okawaru
 85949 | Zot:5    | Killed an ancient lich
 85952 | Zot:5    | Killed an ancient lich
 85954 | Zot:5    | Received a gift from Okawaru
 86754 | Zot:5    | Received a gift from Okawaru
 87086 | Zot:5    | Noticed an orb of fire
 87114 | Zot:5    | Received a gift from Okawaru
 87114 | Zot:5    | Reached skill level 20 in Long Blades
 87116 | Zot:5    | Banished an orb of fire
 87116 | Zot:5    | Reached skill level 15 in Conjurations
 87116 | Zot:5    | Reached skill level 15 in Hexes
 87116 | Zot:5    | Reached skill level 15 in Charms
 87116 | Zot:5    | Reached skill level 15 in Necromancy
 87116 | Zot:5    | Reached skill level 15 in Translocations
 87116 | Zot:5    | Reached skill level 15 in Transmutations
 87116 | Zot:5    | Reached skill level 15 in Fire Magic
 87116 | Zot:5    | Reached skill level 15 in Ice Magic
 87116 | Zot:5    | Reached skill level 15 in Air Magic
 87116 | Zot:5    | Reached skill level 15 in Earth Magic
 87116 | Zot:5    | Reached skill level 15 in Poison Magic
 87269 | Zot:5    | Received a gift from Okawaru
 87302 | Zot:5    | Noticed an ancient lich
 87324 | Zot:5    | Noticed an ancient lich
 87325 | Zot:5    | Banished an ancient lich
 87368 | Zot:5    | Killed an orb of fire
 87509 | Zot:5    | Banished an orb of fire
 87840 | Zot:5    | Banished an ancient lich
 88021 | Zot:5    | Received a gift from Okawaru
 88047 | Zot:5    | Received a gift from Okawaru
 88436 | Zot:5    | Got the Orb of Zot
 88799 | D:15     | Noticed Utuniubbi the pandemonium lord
 89094 | D:$      | Escaped with the Orb!

Levels and vault maps discovered:
D:1:      scummos_arrival_hexagon, layout_basic
D:2:      layout_rooms, chequers_serial_rivers_micro_c, roderic_lattice_a,
          nrook_loot_triangle, roderic_nine_men_s_morris
D:3:      layout_basic, lemuel_doored_altar, okawaru_gym_becter
D:4:      layout_gridville, grunt_dithmenos_smoke_and_mirrors
D:5:      layout_loops_cross, first_ration, uniq_pikel, uniq_prince_ribbit1
D:6:      layout_gridville, minmay_temple_entry_mist, serial_co_window_serial,
          co_window_of_opportunity_a, co_window_paths_a, co_window_paths_a,
          co_window_corner_a, co_window_corner_a, co_window_of_opportunity_c,
          co_window_cross_4, co_window_corner_b, co_window_2corner,
          co_window_corner_ca, glass_columns_b, glass_columns_c,
          glass_columns_c, glass_columns_b, glass_columns_a, chequers_avenue,
          fedhas_ov_isle_minmay
D:7:      layout_rooms, biasface_ghost_orc_armoury, corexii_hall_statues_l,
          the_bakery, minmay_microvault
D:8:      layout_basic, uniq_psyche
D:9:      layout_loops_ring
D:10:     layout_grid_maze, amethyst_killhole, serial_bayou_ford_a, uniq_sonja
D:11:     layout_roguey, dpeg_oklobed_lair, uniq_fannar
D:12:     layout_cave_pools, david_orc_2, uniq_josephine, uniq_rupert
D:13:     layout_basic, grunt_vaults_entry_tiered, basic_altar, tso_altar
D:14:     layout_loops_cross, fountainhead, uniq_roxanne
D:15:     grunt_enter_depths_magical_seal, layout_basic,
          minmay_misc_feat_more_columns, patterned_corridor, uniq_kirke,
          uniq_agnes
Lair:1:   layout_long_grid, serial_bayou_crossing, grunt_megastairs_2
Lair:2:   layout_chaotic_city, spider_nest_entry_a, gammafunk_ghost_arena,
          beast_lair_carwin_10, serial_bayou_shore_b, serial_bayou_shore_b
Lair:3:   layout_roguey [special_room_bee]
Lair:4:   layout_misc_corridors, minmay_swamp_entry_reptiles,
          ebering_ghost_rock_garden, minmay_lair_oklob_chamber,
          serial_bayou_shore_a
Lair:5:   layout_hall_layers, gammafunk_ghost_necromancy, serial_bayou_shore_b
Lair:6:   cheibrodos_lair_end_hotspot, layout_loops_ring, slime_dummy,
          minmay_another_anthill
Swamp:1:  layout_basic_swamp, evilmike_swamp_ruin_house_1
Swamp:2:  layout_falls_marsh, evilmike_swamp_ruin_house_5, uniq_aizul
Swamp:3:  layout_basic_swamp, nicolae_swamp_treefoil
Swamp:4:  swamp_fiery, layout_basic_swamp, gammafunk_ghost_cemetery
Spider:1: layout_spider_delve, gammafunk_ghost_berserking_beasts, uniq_azrael
Spider:2: layout_spider_delve, gammafunk_ghost_necromancy, uniq_nikola
Spider:3: layout_chambers, drop_trap
Spider:4: floodkiller_spider_rune_tomb
Orc:1:    layout_diamond_mine, nicolae_volcano_entry_s_turn, basic_altar,
          uniq_gastronok
Orc:2:    grunt_orc_gardens, layout_caves, grunt_orc_garden, grunt_orc_garden,
          grunt_orc_garden, grunt_orc_garden, nicolae_orc_stony_grotto
Elf:1:    layout_loops_cross, lightli_enter_wizlab_magi_temple,
          hangedman_elf_disciples, minivault_5, drop_trap, minivault_26
Elf:2:    layout_onion_city, minmay_fountain_box, minmay_misc_feat_columns
Elf:3:    elf_hall, layout_gridlike, ebering_ghost_rock_garden, serial_shops,
          nicolae_shop_stone
Vaults:1: v_misc_1, hangedman_vaults_corner_blocks, nicolae_vaults_triangles,
          vaults_room_boxed, v_misc_10, hangedman_vaults_corner,
          dpeg_vaults_monster_box, vaults_room_door_ring, grunt_vaults_diagonal,
          nicolae_vaults_diagonal_hallway_6, layout_vaults_maze_snakey,
          basic_altar, uniq_asterion
Vaults:2: v_misc_27, nicolae_vaults_alarming, vaults_room_door_hall,
          vaults_mumra_hex, minmay_crypt_entry_simple_box,
          nicolae_vaults_what_the_h, nicolae_vaults_ninety_degrees,
          vaults_room_pool, nicolae_vaults_little_squares_1,
          layout_vaults_omnicross, serial_shops, bzr_in_the_mist,
          nicolae_shop_trees, uniq_donald
Vaults:3: ebering_vaults_ghost_xom, vaults_dpeg_hooks, vaults_dpeg_spiral,
          v_alt_pattern_5, ontoclasm_vaults_spin, vaults_room_mumra_shop_pool,
          ontoclasm_vaults_chip, vaults_dpeg_ring, layout_vaults_omnigrid
Vaults:4: ontoclasm_vaults_claustrophobia, nicolae_vaults_network_quinsquares
          [nicolae_vaults_network_quincunx_subvault,
          nicolae_vaults_network_quincunx_subvault,
          nicolae_vaults_network_quincunx_subvault,
          nicolae_vaults_network_quincunx_subvault], vaults_room_grid,
          st_hourglassy, hangedman_vaults_maws, nicolae_vaults_little_squares_2,
          v_misc_14, nicolae_vaults_little_squares_2, layout_vaults_ring,
          uniq_bai_suzhen
Vaults:5
Depths:1: layout_gridlike, grunt_mini_vestibule, ashenzari_altar_1,
          minmay_shoptagon
Depths:2: thingy_vault_2, layout_basic, grunt_hell_entry_dis_mu,
          infiniplex_staircase_spiral
Depths:3: evilmike_diamond_1, layout_basic, enter_ziggurat_a,
          minmay_misc_feat_ornament, pan_entry, pf_hell_entry_great_geh,
          uniq_margery, uniq_mara, uniq_saint_roka
Depths:4: minmay_quarter_circles, layout_gridville, serial_shops, shop,
          nicolae_shop_overgrown_old_shop, nicolae_shop_statue_plus,
          nicolae_shop_behind_doors, shop, abyss_entry_flame_altar, hell_entry,
          serial_sigils_hangedman_quiver, uniq_boris
Depths:5: grunt_zot_entry_gee_three, layout_cave_shapes,
          chequers_serial_rivers_small_3, hellmouth_1, serial_bayou_lagoon_b
Zot:1:    layout_onion_interference, grunt_megastairs_1
Zot:2:    layout_gridlike
Zot:3:    gammafunk_sealed_arena, layout_gridlike, st_stairs_9, zot_minivault_8
Zot:4:    layout_concentric_octagons, st_single_dragon_hoard_1
Zot:5:    layout_gridlike

Skill      XL: |  1  2  3  4  5  6  7  8  9 10 11 12 13 14 15 16 17 18 19 20 21 22 23 24 25 26 27 |
---------------+----------------------------------------------------------------------------------+-----
Spellcasting   | 5 6 7 8 9 10 11 12 13 14 15 16 17 18 | 18.3
Invocations    | 1 2 3 4 5 6 7 8 9 10 11 12 13 14 15 16 17 18 19 | 19.1
Fighting       | 1 2 3 4 5 7 8 9 10 11 12 13 14 15 16 17 | 17.8
Short Blades   | 1 2 3 4 5 7 8 9 10 11 12 13 14 15 16 17 | 17.8
Long Blades    | 1 2 3 4 5 7 8 9 10 11 12 13 14 15 16 17 18 19 20 | 20.7
Axes           | 1 2 3 4 5 7 8 9 10 11 12 13 14 15 16 17 | 17.8
Maces & Flails | 1 2 3 4 5 7 8 9 10 11 12 13 14 15 16 17 | 17.8
Polearms       | 1 2 3 4 5 7 8 9 10 11 12 13 14 15 16 17 | 17.8
Staves         | 1 2 3 4 5 7 8 9 10 11 12 13 14 15 16 17 | 17.8
Slings         | 1 2 3 4 5 7 8 9 10 11 12 13 14 15 16 17 | 17.8
Bows           | 1 2 3 4 5 7 8 9 10 11 12 13 14 15 16 17 | 17.8
Crossbows      | 1 2 3 4 5 7 8 9 10 11 12 13 14 15 16 17 | 17.8
Throwing       | 1 2 3 4 5 7 8 9 10 11 12 13 14 15 16 17 | 17.8
Armour         | 1 2 3 4 5 7 8 9 10 11 12 13 14 15 16 17 | 17.8
Shields        | 1 2 3 4 5 7 8 9 10 11 12 13 14 15 16 17 | 17.8
Unarmed Combat | 1 2 3 4 5 7 8 9 10 11 12 13 14 15 16 17 | 17.8
Evocations     | 1 2 3 4 5 7 8 9 10 11 12 13 14 15 16 17 | 17.8
Conjurations   | 1 2 3 4 5 6 7 8 9 10 11 12 13 14 15 | 15.3
Hexes          | 1 2 3 4 5 6 7 8 9 10 11 12 13 14 15 | 15.3
Charms         | 1 2 3 4 5 6 7 8 9 10 11 12 13 14 15 | 15.3
Necromancy     | 1 2 3 4 5 6 7 8 9 10 11 12 13 14 15 | 15.3
Translocations | 1 2 3 4 5 6 7 8 9 10 11 12 13 14 15 | 15.3
Transmutations | 1 2 3 4 5 6 7 8 9 10 11 12 13 14 15 | 15.3
Fire Magic     | 1 2 3 4 5 6 7 8 9 10 11 12 13 14 15 | 15.3
Ice Magic      | 1 2 3 4 5 6 7 8 9 10 11 12 13 14 15 | 15.3
Air Magic      | 1 2 3 4 5 6 7 8 9 10 11 12 13 14 15 | 15.3
Earth Magic    | 1 2 3 4 5 6 7 8 9 10 11 12 13 14 15 | 15.3
Poison Magic   | 1 2 3 4 5 6 7 8 9 10 11 12 13 14 15 | 15.3
Dodging        | 5 6 7 8 9 10 11 12 13 14 15 16 17 18 | 18.2
Stealth        | 5 6 7 8 9 10 11 12 13 14 15 16 17 18 | 18.1
Summonings     | 8 9 10 11 12 13 14 15 16 | 16.5

Action                   |  1- 3 |  4- 6 |  7- 9 | 10-12 | 13-15 | 16-18 | 19-21 | 22-24 | 25-27 || total
-------------------------+-------+-------+-------+-------+-------+-------+-------+-------+-------++-------
Melee: Unarmed           |    16 |       |       |       |       |       |       |       |       ||    16
       Bite              |    14 |     4 |    37 |    58 |    88 |   135 |   237 |   198 |   110 ||   881
       Dagger            |    51 |       |       |       |       |       |       |       |       ||    51
       Mace              |    33 |    94 |   108 |       |       |       |       |       |       ||   235
       Trident           |       |       |   193 |    27 |       |    24 |       |       |       ||   244
       Flail             |       |       |    11 |       |       |       |       |       |       ||    11
       Punch             |       |       |     5 |     6 |       |       |       |       |       ||    11
       Morningstar       |       |       |    89 |   397 |   101 |    68 |       |       |       ||   655
       Shillelagh        |       |       |       |       |   763 |   304 |    76 |       |       ||  1143
       Kick              |       |       |       |       |   150 |   302 |       |       |       ||   452
       Broad axe         |       |       |       |       |       |   410 |  1249 |   920 |       ||  2579
       Demon trident     |       |       |       |       |       |       |       |   579 |  1689 ||  2268
 Fire: Hand crossbow     |       |       |       |       |       |   487 |   282 |    18 |       ||   787
Throw: Boomerang         |       |       |       |       |       |     4 |       |       |       ||     4
 Cast: Summon Small Mamm |    10 |       |       |       |       |       |       |       |       ||    10
       Call Imp          |    13 |    22 |    26 |     9 |     3 |       |       |       |       ||    73
       Call Canine Famil |       |     2 |     6 |     8 |     2 |       |       |       |       ||    18
       Summon Lightning  |       |       |     1 |    35 |    20 |    10 |     2 |       |       ||    68
       Summon Ice Beast  |       |       |       |    18 |    37 |    39 |    11 |       |       ||   105
       Olgreb's Toxic Ra |       |       |       |    10 |    87 |    56 |    29 |    28 |       ||   210
       Mephitic Cloud    |       |       |       |     3 |     6 |    22 |     2 |     1 |       ||    34
       Silence           |       |       |       |       |     1 |     2 |     1 |     1 |     1 ||     6
       Summon Forest     |       |       |       |       |       |    31 |     9 |    14 |     1 ||    55
       Eringya's Noxious |       |       |       |       |       |     5 |     4 |     1 |       ||    10
       Shadow Creatures  |       |       |       |       |       |       |       |    66 |    38 ||   104
       Death Channel     |       |       |       |       |       |       |       |    20 |    30 ||    50
       Summon Mana Viper |       |       |       |       |       |       |       |     4 |       ||     4
       Invisibility      |       |       |       |       |       |       |       |     2 |       ||     2
       Statue Form       |       |       |       |       |       |       |       |       |     6 ||     6
       Metabolic Englaci |       |       |       |       |       |       |       |       |     2 ||     2
Invok: Heroism           |       |       |     2 |     4 |    23 |    20 |    19 |    16 |    27 ||   111
       Finesse           |       |       |       |     1 |     7 |     3 |     1 |     7 |    14 ||    33
 Abil: Evoke Blink       |       |       |       |       |     1 |     1 |       |       |       ||     2
Evoke: Wand              |       |       |     2 |     1 |    15 |     9 |     1 |     9 |     2 ||    39
       Phial of floods   |       |       |       |       |       |       |       |     1 |       ||     1
       Phantom mirror    |       |       |       |       |       |       |       |     1 |       ||     1
  Use: Scroll            |       |     6 |     8 |    11 |     9 |    15 |     3 |     8 |    28 ||    88
       Potion            |       |       |     3 |     2 |     7 |     5 |     2 |    16 |    12 ||    47
 Stab: Sleeping          |     3 |     6 |    14 |     4 |    14 |     4 |    19 |    33 |    25 ||   122
       Distracted        |       |     2 |     3 |     3 |     7 |     9 |     4 |    28 |    46 ||   102
       Confused          |       |       |       |     1 |       |     3 |     1 |     2 |     2 ||     9
       Paralysed         |       |       |       |       |       |     2 |       |     1 |       ||     3
       Invisible         |       |       |       |       |       |       |       |    12 |     8 ||    20
  Eat: Chunk             |     3 |     8 |     8 |    19 |    33 |    13 |    22 |    23 |    14 ||   143
       Ration            |       |       |     3 |     2 |     4 |    16 |     7 |    11 |    10 ||    53
Armor: Robe              |     4 |       |       |       |       |       |       |       |       ||     4
       Ring mail         |    34 |    45 |   155 |    89 |       |   298 |    19 |       |       ||   640
       Quicksilver drago |       |       |       |    75 |   217 |   142 |   310 |   302 |     4 ||  1050
       Acid dragon scale |       |       |       |     9 |       |       |       |       |       ||     9
       Fire dragon scale |       |       |       |       |     6 |       |       |       |   225 ||   231
       Skin              |       |       |       |       |       |       |       |       |    25 ||    25
Dodge: Dodged            |    78 |    71 |   286 |   328 |   606 |   940 |   793 |   680 |   333 ||  4115
Block: Buckler           |       |       |       |    73 |   285 |   403 |    64 |       |       ||   825
       Tower shield      |       |       |       |       |       |    77 |       |    29 |   696 ||   802
       Kite shield       |       |       |       |       |       |       |   717 |   609 |       ||  1326
       Reflection        |       |       |       |       |       |       |       |       |    16 ||    16

Table legend:
 A = Non-vault XP
 B = Vault XP
 C = Vault XP percentage of total XP
 D = Non-vault monster count
 E = Vault monster count
 F = Vault count percentage of total count
                 A         B        C        D         E       F
            +---------+---------+-------+---------+---------+-------
      Total |  803688 |  666211 |  45.3 |    1620 |     820 |  33.6
            +---------+---------+-------+---------+---------+-------
        D:1 |      34 |       0 |   0.0 |      19 |       0 |   0.0
        D:2 |      67 |       0 |   0.0 |      23 |       0 |   0.0
        D:3 |      41 |       0 |   0.0 |      15 |       0 |   0.0
        D:4 |     280 |       0 |   0.0 |      14 |       0 |   0.0
        D:5 |     845 |     202 |  19.3 |      27 |       1 |   3.6
        D:6 |    1331 |       0 |   0.0 |      36 |       0 |   0.0
        D:7 |     471 |    1548 |  76.7 |      14 |      14 |  50.0
        D:8 |     757 |      85 |  10.1 |      23 |       1 |   4.2
        D:9 |    2303 |       0 |   0.0 |      31 |       0 |   0.0
       D:10 |    2052 |     407 |  16.6 |      38 |       1 |   2.6
       D:11 |    3509 |     568 |  13.9 |      32 |       1 |   3.0
       D:12 |    3852 |    4909 |  56.0 |      36 |      14 |  28.0
       D:13 |   12157 |    7792 |  39.1 |      43 |      25 |  36.8
       D:14 |   10862 |    3923 |  26.5 |      43 |       2 |   4.4
       D:15 |   21958 |   10048 |  31.4 |      51 |      17 |  25.0
     Lair:1 |    6389 |     157 |   2.4 |      28 |       1 |   3.4
     Lair:2 |    5381 |    2018 |  27.3 |      18 |      15 |  45.5
     Lair:3 |    4734 |    1862 |  28.2 |      22 |      26 |  54.2
     Lair:4 |    2782 |     543 |  16.3 |      19 |       4 |  17.4
     Lair:5 |    2454 |    1956 |  44.4 |      12 |       7 |  36.8
     Lair:6 |    4383 |   12982 |  74.8 |      20 |      56 |  73.7
    Swamp:1 |    8531 |       0 |   0.0 |      23 |       0 |   0.0
    Swamp:2 |    7673 |    1625 |  17.5 |      21 |       1 |   4.5
    Swamp:3 |    7903 |    3529 |  30.9 |      21 |       8 |  27.6
    Swamp:4 |   11074 |    9828 |  47.0 |      26 |      17 |  39.5
   Spider:1 |    6132 |    1954 |  24.2 |      23 |       6 |  20.7
   Spider:2 |   22215 |    8091 |  26.7 |      67 |      13 |  16.2
   Spider:3 |   11477 |       0 |   0.0 |      39 |       0 |   0.0
   Spider:4 |   15049 |   28190 |  65.2 |      36 |      71 |  66.4
      Orc:1 |    3200 |    2109 |  39.7 |      43 |       1 |   2.3
      Orc:2 |    2009 |    6701 |  76.9 |       6 |      26 |  81.2
      Elf:1 |   29239 |    6178 |  17.4 |      52 |       9 |  14.8
      Elf:2 |   16007 |    7736 |  32.6 |      32 |      10 |  23.8
      Elf:3 |   30575 |   42682 |  58.3 |      46 |      28 |  37.8
   Vaults:1 |   29777 |   28505 |  48.9 |      45 |      34 |  43.0
   Vaults:2 |   26365 |   22180 |  45.7 |      46 |      38 |  45.2
   Vaults:3 |   28225 |   18449 |  39.5 |      52 |      28 |  35.0
   Vaults:4 |   48171 |   14842 |  23.6 |      74 |      15 |  16.9
   Vaults:5 |   22822 |  101986 |  81.7 |      48 |      93 |  66.0
   Depths:1 |   13070 |    2032 |  13.5 |      25 |       4 |  13.8
   Depths:2 |   33839 |   24710 |  42.2 |      44 |      21 |  32.3
   Depths:3 |   12794 |   36657 |  74.1 |      16 |      45 |  73.8
   Depths:4 |   27102 |   33185 |  55.0 |      39 |      30 |  43.5
   Depths:5 |   36019 |   21064 |  36.9 |      43 |      21 |  32.8
      Zot:1 |   58480 |   17489 |  23.0 |      51 |      13 |  20.3
      Zot:2 |   46376 |    6203 |  11.8 |      31 |       3 |   8.8
      Zot:3 |   29565 |   29283 |  49.8 |      23 |      19 |  45.2
      Zot:4 |   65789 |    3445 |   5.0 |      41 |       1 |   2.4
      Zot:5 |   67568 |  102288 |  60.2 |      43 |      38 |  46.9
    Volcano |       0 |    5520 | 100.0 |       0 |       6 | 100.0
     WizLab |       0 |   30750 | 100.0 |       0 |      36 | 100.0
            +---------+---------+-------+---------+---------+-------
